 Dungeon Crawl Stone Soup version 0.24.1-8-ga250c9d538 (webtiles) character file.

Game seed: 4074292353939374387, levelgen mode: deterministic

33 Atelerd the Conjurer (level 3, 0/19 HPs)
             Began as a Tengu Wizard on Apr 27, 2020.
             Succumbed to Terence's poison
             ... on level 2 of the Dungeon.
             The game lasted 00:03:05 (1005 turns).

Atelerd the Conjurer (Tengu Wizard)                 Turns: 1005, Time: 00:03:06

Health: 0/19       AC:  2    Str:  7    XL:     3   Next: 29%
Magic:  1/8        EV: 12    Int: 19    God:
Gold:   34         SH:  0    Dex: 12    Spells: 2/8 levels left

rFire    . . .     SeeInvis .   c - +1 dagger (vamp)
rCold    . . .     Gourm    .   (no shield)
rNeg     . . .     Faith    .   a - +0 robe
rPois    .         Spirit   .   b - +0 hat
rElec    .         Reflect  .   (no cloak)
rCorr    .         Harm     .   (no gloves)
MR       +....                  (boots unavailable)
Stlth    ++........             (no amulet)
HPRegen  0.06/turn              h - ring of protection from magic
MPRegen  0.11/turn              (no ring)

@: lethally poisoned (0 -> -14), very slightly contaminated
A: beak, talons 3
a: no special abilities


You were on level 2 of the Dungeon.
You were not hungry.

You visited 1 branch of the dungeon, and saw 2 of its levels.

You collected 34 gold pieces.

Inventory:

Hand Weapons
 c - a +1 vampiric dagger (weapon)
Armour
 a - a +0 robe (worn)
 b - a +0 hat (worn)
Jewellery
 h - a ring of protection from magic (left hand)
Scrolls
 f - a scroll of fog {unknown}
 i - a scroll of blinking {unknown}
 j - a scroll of identify {unknown}
Comestibles
 d - 3 rations


   Skills:
 - Level 2.1 Dodging
 - Level 2.0 Stealth
 + Level 3.3 Spellcasting
 * Level 3.5 Conjurations
   Level 1.2 Summonings
 - Level 0.7 Translocations
 * Level 0.0 Air Magic


You had 2 spell levels left.
You knew the following spells:

 Your Spells              Type           Power        Failure   Level  Hunger
a - Magic Dart            Conj           ###.         3%          1    None
b - Mephitic Cloud        Conj/Pois/Air  #.......     26%         3    ###....
c - Blink                 Tloc           N/A          17%         2    ##.....

Your spell library contained the following spells:

 Spells                   Type           Power        Failure   Level  Hunger
 Call Imp                 Summ           #.......     14%         2    ##.....
 Slow                     Hex            #.......     22%         2    ##.....
 Conjure Flame            Conj/Fire      #.......     22%         3    ###....


Dungeon Overview and Level Annotations

Branches:
Dungeon (1/15)

Altars:

Annotations:
D:2 Terence


Innate Abilities, Weirdness & Mutations

You have a beak for a mouth.
You have claws for feet.


Message History

Aim: Terence, wielding a +1 short sword of venom and wearing a +0 ring mail (moderately wounded)
You miscast Mephitic Cloud.
You are very lightly contaminated with residual magic.
Nothing appears to happen.
You feel sick.
You feel sick.
You see here a rat corpse.
There is an open door here.
You feel sick.
Casting: Mephitic Cloud (safe; 26% risk of failure)
Confirm with . or Enter, or press ? or * to list all spells.
You blink.
Casting: Blink (safe; 17% risk of failure)
Confirm with . or Enter, or press ? or * to list all spells.
You blink.
You feel sick.
You see here an adder corpse.
It was a potion of curing.
You feel better.
Terence hits you with a +1 short sword of venom!
* * * LOW HITPOINT WARNING * * *
You are lethally poisoned!
You die...

#.# #.###.## #.# .# #.# #......#
#.###.# ### #.# #####..###.##...
..# #.# #......##..# #.# ##+##
#.#######..######..# #.# ##...#
#..........# #..### #.###.....
######.###.# #....###.##......
.####...##.######.....##.#.......
.+..............@†@......'†......
.####........####.....##.#.......
# ##..##.#.# #....)...##...... #
##.##.#.# ###.########.....
#.##.#.# #.# .......# #.#..#.#
#.# ####.#+## #)#.##.# #.# #.#
#.#.##.# #.# ... #.#.##.# #.#
...#


You could see Terence.

Vanquished Creatures
  An adder (D:2)
  An ooze (D:1)
  2 giant cockroaches (D:1)
  2 goblins (D:1)
  5 hobgoblins (D:1)
  2 kobolds (D:1)
  A ball python (D:1)
  2 bats
  A frilled lizard (D:1)
  2 rats
19 creatures vanquished.

Notes
Turn   | Place    | Note
-------+----------+-------------------------------------------
     0 | D:1      | Atelerd the Tengu Wizard began the quest for the Orb.
     0 | D:1      | Reached XP level 1. HP: 10/10 MP: 5/5
   238 | D:1      | Reached XP level 2. HP: 15/15 MP: 7/7
   817 | D:1      | You fall into a shaft and drop 1 floor!
   913 | D:2      | Reached XP level 3. HP: 19/19 MP: 2/8
   918 | D:2      | Learned a level 3 spell: Mephitic Cloud
   921 | D:2      | Learned a level 2 spell: Blink
   973 | D:2      | Noticed Terence
  1005 | D:2      | Succumbed to Terence's poison

Levels and vault maps discovered:
D:1:      psy_arrival_fountain, layout_rooms
D:2:      layout_loops_corners, uniq_terence

Skill      XL: |  1  2 |
---------------+-------+-----
Conjurations   | 2 3 |  3.5
Dodging        | |  2.1
Stealth        | |  2.0
Spellcasting   | |  3.3
Summonings     | |  1.2
Translocations | |  0.7

Action                   || total
-------------------------++-------
Melee: Unarmed           ||     8
       Kick              ||    11
       Dagger            ||    19
       Peck              ||     5
 Cast: Magic Dart        ||    52
       Blink             ||     2
       Mephitic Cloud    ||     1
  Use: Potion            ||     1
 Stab: Sleeping          ||     1
       Confused          ||     1
  Eat: Ration            ||     1
Armor: Robe              ||     4
Dodge: Dodged            ||    28
